 Dungeon Crawl Stone Soup version 0.30-a0-341-g682706514a (webtiles) character file.

Game seed: 11021246668214858917

2453 Harunobu the Covert (level 9, -7/60 HPs)
             Began as a Gargoyle Monk on Nov 2, 2022.
             Was a Believer of Okawaru.
             Killed from afar by Psyche (15 damage)
             ... with an iceblast
             ... on level 8 of the Dungeon on Nov 3, 2022.
             The game lasted 00:13:42 (6408 turns).

Harunobu the Covert (Gargoyle Monk)                 Turns: 6408, Time: 00:13:43

Health: -7/60      AC: 12    Str: 19    XL:     9   Next: 50%
Magic:  9/9        EV: 22    Int: 11    God:    Okawaru [**....]
Gold:   100        SH:  0    Dex: 12    Spells: 8/8 levels left

rFire   . . .      SeeInvis .    (weapon currently unavailable)
rCold   . . .      Faith    .    (shield currently unavailable)
rNeg    + + +      Spirit   .    (body armour currently unavailable)
rPois   ∞          Reflect  .    (helmet currently unavailable)
rElec   .          Harm     .    (cloak currently unavailable)
rCorr   .          Rampage  .    (gloves currently unavailable)
Will    .....                    (boots currently unavailable)
Stlth   ++++......               (no amulet)
HPRegen 0.30/turn                t - ring of positive energy
MPRegen 0.11/turn                (no ring)

@: fungus-form (expiring), on berserk cooldown, hasted and slowed
A: melee confuse, terrified, no casting, sickness immunity, AC +6, tiny,
negative energy resistance 1, (electricity resistance), torment resistance 1,
petrification resistance
a: Renounce Religion, Heroism


You were on level 8 of the Dungeon.
You worshipped Okawaru.
Okawaru was pleased with you.
You were a sentient fungus.
You visited 2 branches of the dungeon, and saw 9 of its levels.

You collected 352 gold pieces.
You spent 252 gold pieces at shops.

Inventory:

Hand Weapons
 a - a +0 mace
 h - a +0 whip
 m - the +4 hand axe of the Shining Light {spect, rF+ rN++ Int+3}
   (You took it off a hobgoblin on level 2 of the Dungeon)

   When its wielder attacks, the weapon's spirit leaps out and strikes again.
   The spirit shares a part of any damage it takes with its wielder.
   Int:       It affects your intelligence (+3).
   rF:        It protects you from fire.
   rN:        It greatly protects you from negative energy.
 u - the +9 rapier of Theory (melded) {freeze, Dex+2}
   (You found it on level 4 of the Dungeon)

   It freezes those it strikes, dealing additional cold damage.
   It can also slow down cold-blooded creatures.
   Dex:       It affects your dexterity (+2).
Missiles
 C - a throwing net (quivered)
Armour
 b - a +0 robe
 e - a +2 ring mail of cold resistance (melded)
 p - a +0 kite shield (melded)
Jewellery
 t - a ring of positive energy (left hypha)
Wands
 o - a wand of iceblast (7)
 r - a wand of mindburst (20)
 D - a wand of polymorph (7)
 F - a wand of quicksilver (9)
Scrolls
 d - 2 scrolls of noise
 g - 2 scrolls of identify
 i - a scroll of fog {unknown}
 j - a scroll of enchant armour {unknown}
 k - a scroll of vulnerability {unknown}
 l - 2 scrolls of teleportation
 n - a scroll of amnesia {unknown}
 y - a scroll of summoning
 A - a scroll of poison {unknown}
 B - a scroll of magic mapping {unknown}
 E - 2 scrolls of blinking {unknown}
Potions
 c - a potion of ambrosia
 f - 3 potions of degeneration {unknown}
 q - 4 potions of might
 s - 2 potions of attraction {unknown}
 v - a potion of lignification {unknown}
 w - 2 potions of brilliance {unknown}
 z - a potion of cancellation {unknown}
 G - a potion of haste {unknown}


   Skills:
 + Level 8.6 Fighting
 - Level 3.0 Maces & Flails
 + Level 6.5 Dodging
 + Level 8.9 Stealth


You had 8 spell levels left.
You didn't know any spells.
Your spell library contained the following spells:

 Spells                   Type           Power      Damage    Failure   Level
 Foxfire                  Conj/Fire      0%         2x1d4     34%         1
 Necrotise                Necr           0%         1d4       34%         1
 Shock                    Conj/Air       0%         1d3       34%         1
 Ensorcelled Hibernation  Hex/Ice        0%         N/A       47%         2
 Passwall                 Tmut/Erth      0%         N/A       47%         2
 Inner Flame              Hex/Fire       0%         N/A       71%         3
 Swiftness                Air            0%         N/A       71%         3
 Vampiric Draining        Necr           0%         2d6       71%         3
 Airstrike                Air            0%         2d(0-16)  98%         4
 Cause Fear               Hex            0%         N/A       98%         4
 Dispel Undead            Necr           0%         3d6       98%         4
 Agony                    Necr           0%         N/A       100%        5
 Blade Hands              Tmut           0%         N/A       100%        5
 Borgnjor's Vile Clutch   Necr/Erth      0%         N/A       100%        5
 Fireball                 Conj/Fire      0%         3d3       100%        5
 Irradiate                Conj/Tmut      0%         3d11      100%        5
 Starburst                Conj/Fire      0%         6d3       100%        6
 Dragon Form              Tmut           0%         N/A       100%        7
 Discord                  Hex            0%         N/A       100%        8
 Infestation              Necr           Unusable   N/A       N/A         8

Dungeon Overview and Level Annotations

Branches:
Dungeon (8/15)             Temple (1/1) D:6
   Lair: D:8-11

Altars:
Cheibriados
Dithmenos
Fedhas
Gozag
Hepliaklqana
Kikubaaqudgha
Makhleb
Nemelex Xobeh
Okawaru
Ru
Trog
Uskayaw
Vehumet
Wu Jian
Xom
Yredelemnul
Zin
The Shining One

Shops:
D:3 !   D:8 :!

Annotations:
D:8 Psyche


Innate Abilities, Weirdness & Mutations

You are a sentient fungus.
You are tiny and evasive.
Your melee attack releases spores that confuse breathing creatures.
You become terrified and freeze when enemies are visible.
Your armour is entirely melded.
You are incapable of wielding weapons or throwing items.
You cannot cast spells.
You are immune to sickness and miasma.
((Your stone body is resilient. (AC +6)))
You are immune to poison.
You resist negative energy. (rN+)
((You are resistant to electric shocks. (rElec)))
You are resistant to unholy torment.
You are immune to petrification.


Message History

The iceblast engulfs you but does no damage.
The iceblast engulfs something.
You release spores at something.
Found a stone staircase leading up.
An orc comes into view. It is wielding a +0 flail.
Something mumbles something.
Things that are here:
a +0 shortbow; a centaur corpse The orc shouts!
You hear a zap.
An iceblast appears from out of thin air!
The mass of ice explodes!
The iceblast engulfs you!
* * * LOW HITPOINT WARNING * * *
You're too terrified to move while being watched!
You're too terrified to move while being watched!
You're too terrified to move while being watched!
You feel better.
You're too terrified to move while being watched!
You're too terrified to move while being watched!
You're too terrified to move while being watched!
You're too terrified to move while being watched!
You hear a zap.
An iceblast appears from out of thin air!
The mass of ice explodes!
The iceblast engulfs you!
* * * LOW HITPOINT WARNING * * *
You hear a shout!
You're too terrified to move while being watched!
You release spores at the orc.
The orc is lightly wounded.
The orc closely misses you. Something misses you.
You release spores at the orc!!
You kill the orc!
Okawaru accepts your kill. Something barely misses you.
You hear some strange, mumbled words.
Something barely misses you.
Your transformation is almost over.
You hear a zap.
An iceblast appears from out of thin air!
The mass of ice explodes!
The iceblast engulfs you!
You die...

#.........## #..........
#.........# ........####
#.........# ########
#.........# .......#
#<..<.....# .....|.#
#.........#
.......######...f.....#<
##......................
#................{....#.
#.∩............)......#
.....####..##.).).....#
......).##....#......##
...........#.....#......
...........#.###.......#
......#'#..#.# ##......#


There were no monsters in sight!

Vanquished Creatures
  Joseph (D:8)
  Sigmund (D:6)
  An ice beast (D:6)
  3 sky beasts (D:7)
  An ogre (D:5)
  2 centaurs
  A kobold brigand (D:7)
  3 necrophages
  2 gnoll sergeants
  3 scorpions
  6 howler monkeys
  3 orc priests
  2 hounds
  6 iguanas
  2 orc wizards (D:5)
  11 gnolls
  4 adders
  A shadow imp (D:5)
  2 ufetubi
  3 worms
  18 orcs
  4 bats
  6 endoplasms
  4 giant cockroaches
  8 hobgoblins
  6 jackals
  4 quokkas
  A ball python (D:1)
  3 frilled lizards
  4 goblins
  11 kobolds
  7 rats
134 creatures vanquished.

Notes
Turn   | Place    | Note
-------+----------+-------------------------------------------
     0 | D:1      | Harunobu the Gargoyle Monk began the quest for the Orb.
     0 | D:1      | Reached XP level 1. HP: 14/14 MP: 1/1
   126 | D:1      | Reached XP level 2. HP: 14/19 MP: 2/2
  1017 | D:2      | Reached XP level 3. HP: 18/24 MP: 3/3
  1163 | D:2      | Identified the +4 hand axe of the Shining Light {spect, rF+
                  | rN++ Int+3}
  1246 | D:2      | Got Gotuum's Precepts of the Mortuary
  1256 | D:2      | Reached XP level 4. HP: 23/29 MP: 4/4
  1500 | D:2      | Identified the +2 robe "Inocs" {Harm rF+ Slay+2}
  1848 | D:3      | Found a hazy altar of Hepliaklqana.
  1974 | D:3      | Found Juffuip's Distillery.
  1984 | D:3      | Bought a potion of heal wounds for 70 gold pieces
  1984 | D:3      | Bought a potion of heal wounds for 70 gold pieces
  2511 | D:4      | You fall into a shaft and drop 2 floors!
  2557 | D:6      | Noticed a centaur
  2571 | D:5      | Entered Level 5 of the Dungeon
  2575 | D:5      | Reached XP level 5. HP: 17/34 MP: 5/5
  2747 | D:4      | Identified the +9 rapier of Theory {freeze, Dex+2}
  2958 | D:4      | Found a sacrificial altar of Ru.
  3269 | D:5      | Reached XP level 6. HP: 35/40 MP: 6/6
  3273 | D:5      | Reached skill level 5 in Fighting
  3378 | D:5      | Found a basalt altar of Yredelemnul.
  3388 | D:5      | Found a glowing golden altar of the Shining One.
  3454 | D:5      | Reached skill level 5 in Stealth
  3547 | D:5      | Found a glowing silver altar of Zin.
  3659 | D:5      | Reached XP level 7. HP: 28/44 MP: 7/7
  4476 | D:6      | Reached XP level 8. HP: 35/52 MP: 8/8
  4540 | D:6      | Noticed Sigmund
  4610 | D:6      | Reached skill level 5 in Dodging
  5076 | D:7      | Found a burning altar of Makhleb.
  5254 | D:7      | Reached XP level 9. HP: 52/59 MP: 9/9
  5717 | D:6      | Found a staircase to the Ecumenical Temple.
  5726 | Temple   | Entered the Ecumenical Temple
  5736 | Temple   | Became a worshipper of Warmaster Okawaru
  5736 | Temple   | Reached * piety under Okawaru
  5736 | Temple   | Reached ** piety under Okawaru
  5759 | D:6      | Killed Sigmund
  6064 | D:8      | Noticed Joseph
  6119 | D:8      | Found a hide-covered altar of Uskayaw.
  6120 | D:8      | Found an ancient bone altar of Kikubaaqudgha.
  6153 | D:8      | Found Luojorics's Book Emporium.
  6173 | D:8      | Found Mesourph's Distillery.
  6349 | D:8      | Bought a potion of berserk rage for 70 gold pieces
  6349 | D:8      | Bought a potion of curing for 42 gold pieces
  6376 | D:8      | Killed Joseph
  6386 | D:8      | Noticed Psyche
  6393 | D:8      | HP: 1/60 [something (13)]
  6408 | D:8      | Killed from afar by Psyche

Illustrated notes

Levels and vault maps discovered:
D:1:      ncdulo_watergridlock, layout_basic
D:2:      layout_basic, chequers_serial_rivers_marsh, grunt_ministairs_8
D:3:      layout_basic, overflow_temple_1_default, serial_shops, shop
D:4:      layout_gridville, nicolae_ru_awakened_eye, minmay_door_square
D:5:      layout_gridville, zin_treasury, grunt_temple_overflow_holy_war
D:6:      layout_cave_pools, minmay_temple_entry_junction_2, st_stairs_9,
          minivault_23, minmay_misc_feat_tiny, uniq_sigmund
D:7:      layout_basic, old_standard_altar
D:8:      layout_rooms, led_sif_book, gammafunk_temple_overflow_pools,
          serial_shops, nicolae_shop_statue_plus, shop, shop,
          kennysheep_mini_moat, uniq_joseph, uniq_psyche
Temple:   nicolae_temple_ecumenical_triangle

Skill      XL: |  1  2  3  4  5  6  7  8  9 |
---------------+----------------------------+-----
Stealth        | 3 4 5 6 8 |  8.9
Fighting       | 4 5 6 7 8 |  8.6
Dodging        | 3 4 5 6 |  6.5
Maces & Flails | |  3.0

Action                   |  1- 3 |  4- 6 |  7- 9 || total
-------------------------+-------+-------+-------++-------
Melee: Mace              |    28 |       |       ||    28
       Whip              |   106 |       |       ||   106
       Punch             |     2 |       |       ||     2
       Hand axe          |     4 |    34 |       ||    38
       Rapier            |       |    62 |   195 ||   257
       Unarmed           |       |       |     6 ||     6
  Use: Potion            |       |     2 |     6 ||     8
       Scroll            |       |       |     5 ||     5
 Stab: Sleeping          |     4 |     5 |     1 ||    10
       Distracted        |       |       |     1 ||     1
Armor: Ring mail         |    73 |    35 |   118 ||   226
       Skin              |       |       |     4 ||     4
Dodge: Dodged            |    93 |    51 |   125 ||   269
Block: Kite shield       |       |     7 |    94 ||   101

Table legend: (Time is in decaauts)
 A = Elapsed time spent in this place.
 B = Non-inter-level travel time spent in this place.
 C = Inter-level travel time spent in this place.
 D = Time resting spent in this place.
 E = Time spent auto-exploring this place.
 F = Levels seen in this place.
 G = Mean time per level.
                   A        B        C        D        E       F      G
               +--------+--------+--------+--------+--------+-----+--------+
         Total |   6511 |   6212 |    299 |   1032 |   3606 |   9 |  723.4 |
       Dungeon |   6491 |   6200 |    291 |   1032 |   3606 |   8 |  811.4 |
        Temple |     19 |     11 |      8 |      0 |      0 |   1 |   19.0 |
               +--------+--------+--------+--------+--------+-----+--------+

Top non-repeatable levels by time:
     D:5: 1287 daAuts
     D:2: 1016 daAuts
     D:7: 990 daAuts
     D:6: 872 daAuts
     D:1: 829 daAuts
     D:4: 598 daAuts
     D:3: 560 daAuts
     D:8: 336 daAuts
  Temple: 19 daAuts
